 Dungeon Crawl Stone Soup version 0.18.1-48-g4cf74bf (webtiles) character file.

697 Peloso the Shield-Bearer (level 7, -6/59 (60) HPs)
             Began as a Minotaur Fighter on Sept 5, 2016.
             Mangled by Crazy Yiuf
             ... wielding a +4 quarterstaff of chaos
              (13 damage)
             ... on level 4 of the Dungeon.
             The game lasted 00:08:22 (3889 turns).

Peloso the Shield-Bearer (Minotaur Fighter)         Turns: 3889, Time: 00:08:23

HP:   -6/59 (60)    AC:  8    Str: 21    XL:     7   Next: 38%
MP:   6/6           EV:  9    Int:  5    God:
Gold: 139           SH: 16    Dex: 11    Spells: 0 memorised, 6 levels left

rFire  . . .     SeeInvis .     a - +0 long sword
rCold  . . .     Gourm    .     b - +0 scale mail
rNeg   . . .     Faith    .     c - +0 shield
rPois  .         Spirit   .     (helmet restricted)
rElec  .         Dismiss  .     (no cloak)
rCorr  .         Reflect  +     g - +0 pair of gloves
SustAt .         Harm     .     (no boots)
MR     .....     Rnd*Tele +     m - +6 amulet of reflection
Stlth  ..........               (no ring)
                                p - ring of teleportation (curse)

@: not resistant to hostile enchantments, extremely unstealthy
A: retaliatory headbutt, horns 2
a: no special abilities


You were on level 4 of the Dungeon.
You were very hungry.

You visited 1 branch of the dungeon, and saw 4 of its levels.

You collected 139 gold pieces.

Inventory:

Hand Weapons
 a - a +0 long sword (weapon)
Armour
 b - a +0 scale mail (worn)
 c - a +0 shield (worn)
 g - a +0 pair of gloves (worn)
Jewellery
 m - a +6 amulet of reflection (around neck)
 p - a cursed ring of teleportation (left hand)
Wands
 u - a wand of disintegration (12/24)
Scrolls
 e - 3 scrolls of recharging {unknown}
 i - a scroll of enchant armour {unknown}
 k - a scroll of blinking {unknown}
 l - a scroll of remove curse {unknown}
 r - a scroll of teleportation {unknown}
 v - a scroll of magic mapping {unknown}
Potions
 d - 2 potions of might
 j - 2 potions of degeneration {unknown}
 n - a potion of curing {unknown}
 q - 2 potions of brilliance {unknown}
 s - 2 potions of flight {unknown}
 t - a potion of lignification {unknown}
Comestibles
 f - 2 bread rations
 o - 2 meat rations


   Skills:
 + Level 4.8 Fighting
 + Level 4.3 Long Blades
 + Level 5.7 Armour
 + Level 3.4 Dodging
 + Level 1.3 Stealth
 + Level 6.5 Shields


You had 6 spell levels left.
You didn't know any spells.

Dungeon Overview and Level Annotations

Branches:
Dungeon (4/15)
 Temple: D:4-7

Altars:
Yredelemnul

Annotations:
D:4 Crazy Yiuf


Innate Abilities, Weirdness & Mutations

You reflexively headbutt those who attack you in melee.
You have a pair of horns on your head.


Message History

Crazy Yiuf drinks a potion.
Crazy Yiuf suddenly seems more agile.
You closely miss Crazy Yiuf.
Crazy Yiuf is lightly wounded.
Crazy Yiuf hits you with a quarterstaff of chaos.
* * * LOW HITPOINT WARNING * * *
x2 You hit Crazy Yiuf.
Your headbutt misses Crazy Yiuf.
Crazy Yiuf is moderately wounded.
Crazy Yiuf whimpers, "Mugger!
Snower water pizzabubble."
You block Crazy Yiuf's attack.
You hit Crazy Yiuf but do no damage.
Crazy Yiuf is moderately wounded.
Crazy Yiuf whimpers, "Gum koolooloo Xom!"
You block Crazy Yiuf's attack.
Crazy Yiuf twirls on the spot.
You block Crazy Yiuf's attack.
Your shield and scale mail prevent you from hitting Crazy Yiuf.
You headbutt Crazy Yiuf.
Crazy Yiuf is moderately wounded.
Crazy Yiuf hits you with a quarterstaff of chaos!
You die...

##
#.##
#.#
#.##
##@#
#g#
...
#...#
#..)#
#####
.. .


You could see Crazy Yiuf.

Vanquished Creatures
  Sigmund (D:2)
  The ghost of GFox the Archer, an amateur HEHu (D:4)
  A necrophage (D:3)
  An ogre (D:4)
  A centaur skeleton (D:4)
  A worker ant (D:4)
  Robin (D:2)
  4 gnolls
  5 adders
  An ooze (D:2)
  An adder skeleton (D:4)
  4 worms
  A dart slug (D:2)
  2 giant geckos
  2 orcs
  A ball python (D:4)
  9 bats
  3 giant cockroaches
  14 goblins
  7 hobgoblins
  4 jackals
  11 kobolds
  2 quokkas
  2 giant newts (D:2)
  10 rats
90 creatures vanquished.

Vanquished Creatures (others)
  A plant (D:2)
1 creature vanquished.

Grand Total: 91 creatures vanquished

Notes
Turn   | Place    | Note
--------------------------------------------------------------
     0 | D:1      | Peloso the Minotaur Fighter began the quest for the Orb.
     0 | D:1      | Reached XP level 1. HP: 19/19 MP: 0/0
   211 | D:1      | Reached XP level 2. HP: 27/27 MP: 1/1
   423 | D:1      | Reached skill level 4 in Shields
   565 | D:1      | Reached XP level 3. HP: 33/33 MP: 2/2
   892 | D:2      | Noticed Robin
   911 | D:2      | Killed Robin
   975 | D:2      | Reached XP level 4. HP: 40/40 MP: 3/3
  1030 | D:2      | Reached skill level 1 in Dodging
  1032 | D:2      | Noticed Sigmund
  1806 | D:2      | Killed Sigmund
  1806 | D:2      | Reached skill level 5 in Armour
  1806 | D:2      | Reached skill level 5 in Shields
  1806 | D:2      | Reached XP level 5. HP: 26/47 MP: 4/4
  1806 | D:2      | Reached XP level 6. HP: 30/53 MP: 5/5
  2317 | D:2      | Reached skill level 1 in Stealth
  3207 | D:3      | Found a basalt altar of Yredelemnul.
  3636 | D:4      | Noticed GFox's ghost (amateur HEHu)
  3653 | D:4      | Killed GFox's ghost
  3653 | D:4      | Reached skill level 6 in Shields
  3653 | D:4      | Reached XP level 7. HP: 41/59 MP: 6/6
  3880 | D:4      | Noticed Crazy Yiuf
  3889 | D:4      | Mangled by Crazy Yiuf

Skill      XL: |  1  2  3  4  5  6 |
---------------+-------------------+-----
Fighting       | 4 |  4.8
Armour         | 4 5 |  5.7
Shields        | 4 5 6 |  6.5
Long Blades    | 3 4 |  4.3
Dodging        | 2 3 |  3.4
Stealth        | 1 |  1.3

Action                   |  1- 3 |  4- 6 |  7- 9 || total
-------------------------+-------+-------+-------++-------
Melee: Long sword        |    95 |   133 |    39 ||   267
       Headbutt          |    14 |    17 |    11 ||    42
  Eat: Chunk             |       |     7 |       ||     7
       Pizza             |       |       |     1 ||     1
Armor: Scale mail        |    27 |    35 |    13 ||    75
Dodge: Dodged            |    31 |    31 |    11 ||    73
Block: Shield            |    54 |   110 |    44 ||   208
       Reflection        |       |     1 |       ||     1
